 Dungeon Sprint DCSS version 0.27.1-34-g3ba077fa99 (webtiles) character file.

Game seed: 2609254520394900666

2265 boopmooplesden the Blocker (level 9, -5/90 HPs)
             Began as a Minotaur Fighter on Jan 1, 2022.
             Was an Initiate of Okawaru.
             Slain by a tentacle (12 damage)
             ... attached to a kraken
             ... in the Dungeon (Sprint II: "The Violet Keep of Menkaure").
             The game lasted 00:03:41 (1188 turns).

boopmooplesden the Blocker (Minotaur Fighter)       Turns: 1188, Time: 00:03:42

Health: -5/90      AC: 12    Str: 24    XL:     9   Next: 16%
Magic:  8/8        EV: 11    Int:  5    God:    Okawaru [......]
Gold:   574        SH: 13    Dex: 10    Spells: 8/8 levels left

rFire    . . .     SeeInvis .   k - +0 war axe (venom)
rCold    + . .     Faith    .   c - +0 kite shield
rNeg     . . .     Spirit   .   m - +1 ring mail of Dipotig {rC+}
rPois    .         Reflect  .   (helmet restricted)
rElec    .         Harm     .   (no cloak)
rCorr    .         Rampage  .   r - +0 pair of gloves
Will     .....     NoTele   +   l - +1 pair of boots
Stlth    ..........             (no amulet)
HPRegen  0.25/turn              (no ring)
MPRegen  0.11/turn              (no ring)

@: very slow
A: horns 2, retaliatory headbutt
a: Renounce Religion


You were in the Dungeon.
You worshipped Okawaru.
Okawaru was noncommittal.
You visited 1 branch You collected 1118 gold pieces.
You spent 544 gold pieces at shops.

Inventory:

Hand Weapons
 a - a +0 war axe
 k - a +0 war axe of venom (weapon)
Armour
 b - a +0 scale mail
 c - a +0 kite shield (worn)
 l - a +1 pair of boots (worn)
 m - the +1 ring mail of Dipotig (worn) {rC+}
   (You bought it in a shop in the Dungeon)

   rC:        It protects you from cold.
 r - a +0 pair of gloves (worn)
Jewellery
 q - a +4 ring of protection
Scrolls
 d - 6 scrolls of identify {unknown}
 i - a scroll of summoning {unknown}
 j - 2 scrolls of blinking
 o - a scroll of amnesia {unknown}
 s - 2 scrolls of enchant weapon {unknown}
 t - 2 scrolls of enchant armour {unknown}
 w - a scroll of magic mapping {unknown}
Potions
 e - 2 potions of curing
 f - a potion of heal wounds
 g - a potion of haste
 h - 6 potions of magic
 n - a potion of brilliance {unknown}
 p - 3 potions of flight {unknown}
 u - 2 potions of ambrosia {unknown}
 v - 3 potions of resistance {unknown}


   Skills:
 + Level 12.2 Fighting
 + Level 11.8 Axes
 + Level 12.4 Armour
 + Level 3.5 Dodging
 + Level 13.4 Shields


You had 8 spell levels left.
You didn't know any spells.
Your spell library contained the following spells:

 Spells                   Type           Power      Damage    Failure   Level
 Magic Dart               Conj           0%         1d3       65%         1
 Blink                    Tloc           N/A        N/A       80%         2
 Call Imp                 Summ           0%         N/A       80%         2
 Sublimation of Blood     Necr           0%         N/A       80%         2
 Wereblood                Tmut           0%         N/A       80%         2
 Lesser Beckoning         Tloc           0%         N/A       95%         3
 Mephitic Cloud           Conj/Pois/Air  0%         N/A       95%         3
 Manifold Assault         Tloc           0%         N/A       100%        5
 Summon Hydra             Summ           0%         N/A       100%        7


Dungeon Overview and Level Annotations

Branches:
Dungeon (1/1)

Altars:
Cheibriados
Dithmenos
Elyvilon
Fedhas
Gozag
Hepliaklqana
Kikubaaqudgha
Makhleb
Nemelex Xobeh
Okawaru
Qazlal
Ru
Sif Muna
Trog
Uskayaw
Vehumet
Wu Jian
Xom
Yredelemnul
Zin
The Shining One
Beogh
Jiyva
Lugonu

Shops:
D (:![!?[:=(=?*!(

Annotations:
D exclusions: ice statue, oklob plant and orange crystal statue


Innate Abilities, Weirdness & Mutations

You have a pair of horns on your head.
You reflexively headbutt those who attack you in melee.


Message History

You see here a +0 barding.
d - 5 scrolls labelled LEHOAV HIT (gained 1)
You see here a +0 leather armour.
d - 6 scrolls labelled LEHOAV HIT (gained 1)
You now have 542 gold pieces (gained 9).
You now have 553 gold pieces (gained 11).
You now have 561 gold pieces (gained 8).
w - a scroll labelled WUM KUWKIAVIKHLOTZ You see here 4 poisoned darts.
You now have 574 gold pieces (gained 13).
There is an open door here.
Tentacles burst out of the water! 2 tentacles come into view.
You hit the tentacle but do no damage. You block the tentacle's attack.
The tentacle slaps you but does no damage.
You completely miss the tentacle. You block the tentacle's attack.
The tentacle slaps you!
You slash the tentacle!
The tentacle looks as sick as possible!
You headbutt the tentacle!
The tentacle is heavily wounded.
The tentacle slaps you!!
You slash the tentacle!
The tentacle looks as sick as possible!
Your headbutt misses the tentacle.
The tentacle is severely wounded.
The tentacle slaps you! The tentacle slaps you.
You enter the shallow water.
Moving in this stuff is going to be slow.
You block the tentacle's attack. The tentacle slaps you!
* * * LOW HITPOINT WARNING * * *
The tentacle misses you.
The tentacle slaps you but does no damage.
You block the tentacle's attack.
A tentacle segment bursts forth from the water.
The tentacle slaps you but does no damage.
You hit the tentacle.
The tentacle looks as sick as possible!
The tentacle is almost dead.
The tentacle slaps you!
* * * LOW HITPOINT WARNING * * *
The tentacle slaps you!
You die...

#. #|"▓........▓▓ ###
+^####=)▓(..[.)(.▓▓ ..#
.^.####▓..(.).(.▓▓ ..##
#..# .#▓[....)[.▓▓ #..#
+..# .#▓(.[)[..[▓▓ #..#
#..# .#▓.[(.([).▓▓
'..####..##.#▓[.....(.▓▓
#....###.^.##▓▓▓▓▓▓▓Λ▓▓▓▓+▓
#..§..§≈≈)≈≈≈≈≈≈@w≈≈.\wXw≈▓
≈≈...§§≈#'########'###V≈w≈▓
≈≈≈§≈..≈#....._..#≈§≈##≈≈≈▓
≈≈≈≈≈≈§≈#...._._.#§§≈§####▓
§≈≈≈≈≈≈≈#..._._._#§§§§≈#
≈≈≈§≈≈§≈#.._._._.#§§≈§≈≈#
≈§≈≈≈≈≈≈#._._._._#§≈§§≈≈+
≈§≈###≈§#_._._._.#§§§≈≈S#
#≈≈ #§§#._._._._#§§§§


You could see a kraken and 2 tentacles.

Vanquished Creatures
  A merfolk siren (D)
  A yaktaur (D)
  A hornet (D)
  3 polar bears (D)
  2 wyverns (D)
  3 water moccasins (D)
  5 scorpions (D)
  3 worms (D)
19 creatures vanquished.

Vanquished Creatures (others)
  Menkaure (D)
  A water moccasin (D)
  8 tentacles (D)
10 creatures vanquished.

Grand Total: 29 creatures vanquished

Notes
Turn   | Place    | Note
-------+----------+-------------------------------------------
     0 | D        | boopmooplesden the Minotaur Fighter began the quest for the
                  | Orb.
     0 | D        | Reached XP level 1. HP: 19/19 MP: 0/0
     1 | D        | Noticed a scorpion
     1 | D        | Noticed a scorpion
     5 | D        | Killed a scorpion
     6 | D        | Reached skill level 6 in Shields
     6 | D        | Reached XP level 2. HP: 24/30 MP: 1/1
     6 | D        | Reached XP level 3. HP: 30/37 MP: 2/2
    10 | D        | Killed a scorpion
    11 | D        | Reached skill level 7 in Shields
    11 | D        | Reached XP level 4. HP: 30/47 MP: 3/3
    12 | D        | Noticed a scorpion
    12 | D        | Noticed a scorpion
    15 | D        | Killed a scorpion
    16 | D        | Reached skill level 8 in Shields
    16 | D        | Reached XP level 5. HP: 25/53 MP: 4/4
    31 | D        | Killed Menkaure
   196 | D        | Noticed an ice statue
   211 | D        | Noticed a merfolk siren
   219 | D        | Killed a merfolk siren
   220 | D        | Reached skill level 10 in Fighting
   220 | D        | Reached skill level 10 in Armour
   220 | D        | Reached skill level 10 in Shields
   220 | D        | Reached XP level 6. HP: 60/66 MP: 5/5
   220 | D        | Reached XP level 7. HP: 65/72 MP: 6/6
   226 | D        | Noticed a wyvern
   226 | D        | Noticed a wyvern
   230 | D        | Killed a wyvern
   231 | D        | Reached skill level 11 in Shields
   233 | D        | Killed a wyvern
   255 | D        | Found Veh Wacod's Magic Scroll Boutique.
   255 | D        | Found Fuiph's Distillery.
   256 | D        | Found Hemupnaw's Antique Weapon Shop.
   256 | D        | Found Umeos's Jewellery Shop.
   256 | D        | Found Rasmug's Weapon Boutique.
   256 | D        | Found Jabuts's Jewellery Shop.
   256 | D        | Found Aliy's Book Boutique.
   257 | D        | Found Caquhuumn's Magic Scroll Boutique.
   257 | D        | Found Alonga's Distillery.
   257 | D        | Noticed a cane toad
   258 | D        | Found Zapux's Assorted Antiques.
   258 | D        | Found Zouruz's Antique Armour Boutique.
   258 | D        | Noticed a slime creature
   273 | D        | Reached skill level 1 in Dodging
   307 | D        | Noticed a slime creature
   319 | D        | Reached XP level 8. HP: 27/82 MP: 7/7
   327 | D        | Found Cosag's Antique Armour Boutique.
   327 | D        | Found Giurifia's Distillery.
   327 | D        | Noticed a cane toad
   327 | D        | Noticed an oklob plant
   327 | D        | Noticed a slime creature
   328 | D        | Found Gigic's Book Shoppe.
   328 | D        | Found Dimpal's Antique Weapon Boutique.
   335 | D        | Bought a runed war axe for 169 gold pieces
   335 | D        | Bought a pair of glowing boots for 195 gold pieces
   345 | D        | Bought a jewelled ring mail for 180 gold pieces
   345 | D        | Identified the +1 ring mail of Dipotig {rC+} (You bought it
                  | in a shop in the Dungeon)
   599 | D        | Found a blossoming altar of Fedhas.
   600 | D        | Found a white marble altar of Elyvilon.
   600 | D        | Found an opulent altar of Gozag.
   600 | D        | Found a burning altar of Makhleb.
   601 | D        | Found a shadowy altar of Dithmenos.
   601 | D        | Found a corrupted altar of Lugonu.
   601 | D        | Found a sparkling altar of Nemelex Xobeh.
   601 | D        | Found a hide-covered altar of Uskayaw.
   602 | D        | Found a snail-covered altar of Cheibriados.
   602 | D        | Found an ancient bone altar of Kikubaaqudgha.
   602 | D        | Found a bloodstained altar of Trog.
   603 | D        | Found a viscous altar of Jiyva.
   603 | D        | Found a shimmering blue altar of Sif Muna.
   604 | D        | Found a hazy altar of Hepliaklqana.
   604 | D        | Found a sacrificial altar of Ru.
   605 | D        | Found a stormy altar of Qazlal.
   605 | D        | Found an ornate altar of the Wu Jian Council.
   606 | D        | Found a shimmering altar of Xom.
   606 | D        | Noticed a polar bear
   606 | D        | Noticed a polar bear
   607 | D        | Noticed a polar bear
   608 | D        | Found a basalt altar of Yredelemnul.
   608 | D        | Found a glowing golden altar of the Shining One.
   608 | D        | Noticed a hornet
   608 | D        | Noticed a yaktaur
   609 | D        | Found an iron altar of Okawaru.
   609 | D        | Found a radiant altar of Vehumet.
   609 | D        | Found a glowing silver altar of Zin.
   616 | D        | Killed a polar bear
   617 | D        | Reached skill level 12 in Shields
   618 | D        | Killed a polar bear
   621 | D        | Killed a hornet
   622 | D        | Reached skill level 10 in Axes
   627 | D        | Killed a polar bear
   635 | D        | Killed a yaktaur
   636 | D        | Reached skill level 13 in Shields
   636 | D        | Reached XP level 9. HP: 25/90 MP: 8/8
   646 | D        | Noticed an orange crystal statue
   647 | D        | Became a worshipper of Warmaster Okawaru
   887 | D        | Found the +12 glaive of Prune {vorpal}
   891 | D        | Noticed a kraken
  1064 | D        | Found the amulet of the Air {Inacc Air Fly rElec RMsl}
  1188 | D        | Slain by a tentacle

Illustrated notes

Levels and vault maps discovered:
D:        the_violet_keep_of_menkaure [sprint2_stairs_cluster_1,
          sprint2_shoproom, sprint2_temple, sprint2_basic_supplies,
          sprint2_obstacle_2, sprint2_obstacle_4, sprint2_obstacle_5,
          sprint2_obstacle_6, sprint2_obstacle_1, sprint2_timed_cluster_1,
          sprint2_smallroom_cluster_1, sprint2_smallroom_final_cluster_1,
          sprint2_transparent_cluster_1, sprint2_second_timed_cluster_1,
          sprint2_sniper_area_1, sprint2_heavy_combat_area_1,
          sprint2_mutation_trap_area_1, sprint2_forest_area_1,
          sprint2_light_combat_area_1, sprint2_behind_water_1,
          sprint2_near_end_vault_1]

Skill      XL: |  1  2  3  4  5  6  7  8 |
---------------+-------------------------+-----
Fighting       | 6 7 8 10 11 12 | 12.2
Axes           | 3 4 7 8 11 | 11.8
Armour         | 6 7 8 10 11 12 | 12.4
Shields        | 6 7 8 10 11 13 | 13.4
Dodging        | 1 3 |  3.5

Action                   |  1- 3 |  4- 6 |  7- 9 || total
-------------------------+-------+-------+-------++-------
Melee: War axe           |     8 |    16 |    63 ||    87
       Headbutt          |     2 |     5 |    10 ||    17
  Use: Potion            |     1 |       |     1 ||     2
Armor: Scale mail        |     3 |     1 |     6 ||    10
       Ring mail         |       |       |    23 ||    23
Dodge: Dodged            |     4 |       |    25 ||    29
Block: Kite shield       |     2 |     3 |    48 ||    53
